 Dungeon Crawl Stone Soup version 0.30-a0-879-ga8ba668304 (webtiles) character file.

Game seed: 13476875636020337609

1401887 oldriver the Sorcerer (level 27, 251/251 HPs)
             Began as a Red Draconian Fire Elementalist on Mar 13, 2023.
             Was an Initiate of Gozag.
             Escaped with the Orb
             ... and 3 runes on Mar 14, 2023!
             The game lasted 03:11:49 (112790 turns).

oldriver the Sorcerer (DrFE)                      Turns: 112790, Time: 03:11:50

Health: 251/251    AC: 28    Str: 12    XL:     27
Magic:  66/66      EV: 18    Int: 41    God:    Gozag
Gold:   3878       SH: 17    Dex: 16    Spells: 19/77 levels left

rFire   + + .      SeeInvis .    N - +6 falchion of oldriver's Woe {holy, rElec rN++ Int+2}
rCold   + . .      Faith    .    I - +3 kite shield {AC+3}
rNeg    + + +      Spirit   .    (body armour unavailable)
rPois   +          Reflect  .    e - +3 hat of Pondering {ponderous, Will+ MP+10 Int+5}
rElec   +          Rampage  .    X - +2 cloak {Will+}
rCorr   +          Archmagi +    P - +2 pair of gloves "Poubb" {rPois rCorr}
Will    +++++                    O - +2 pair of boots {Fly}
Stlth   ++                       Q - macabre finger necklace {Finger+ rN+}
HPRegen 0.61/turn                d - ring of the Mage {Wiz Archmagi}
MPRegen 0.40/turn                k - ring of Zot Urad {Will+ MP+9 Str+3 Int+7 Dex-3 Stlth-}
                                 y - ring of Erruhy {rF+ rC+ Int+3}

@: flying, studying Maces & Flails, bribing [the Dungeon, the Vaults, the Realm
of Zot], slow
A: breathe fire, AC +13, unfitting armour, fire resistance 1, cold-blooded,
agile 1, dopey 1, low MP 1, sense surroundings 1, wild magic 1
0: Orb of Zot
}: 3/15 runes: decaying, serpentine, silver
a: Breathe Fire, Renounce Religion, Potion Petition, Call Merchant, Bribe Branch


You escaped.
You worshipped Gozag.
Gozag was most pleased with you.
You visited 9 branches of the dungeon, and saw 47 of its levels.
You visited 1 ziggurat, and saw 15 of its levels.
You also visited: Ossuary, Wizlab and Desolation.

You collected 33971 gold pieces.
You spent 7479 gold pieces at shops.
You paid 22614 gold pieces to Gozag.

Inventory:

Hand Weapons
 o - the +3 scimitar "Ucujyas" {freeze, rC+ Str+2 Int+7 Dex-4}
   (You took it off a vault guard on level 5 of the Vaults)

   Str:       It affects your strength (+2).
   Int:       It affects your intelligence (+7).
   Dex:       It affects your dexterity (-4).
   rC:        It protects you from cold.
 w - the +5 spear of Drought {venom, rElec rC+}
   (You found it on level 13 of a ziggurat)

   rC:        It protects you from cold.
   rElec:     It insulates you from electricity.
 N - the +6 falchion of oldriver's Woe (weapon) {holy, rElec rN++ Int+2}
   (You found it on level 6 of a ziggurat)

   Int:       It affects your intelligence (+2).
   rElec:     It insulates you from electricity.
   rN:        It greatly protects you from negative energy.
Armour
 e - the +3 hat of Pondering (worn) {ponderous, Will+ MP+10 Int+5}
   (You took it off Gastronok on level 8 of the Dungeon)

   Int:       It affects your intelligence (+5).
   MP:        It affects your magic capacity (+10).
   Will:      It increases your willpower.
 I - a +3 kite shield of protection (worn)
 O - a +2 pair of boots of flying (worn)
 P - the +2 pair of gloves "Poubb" (worn) {rPois rCorr}
   (You acquired it on level 2 of the Swamp)

   rPois:     It protects you from poison.
   rCorr:     It protects you from acid and corrosion.
 X - a +2 cloak of willpower (worn)
Jewellery
 d - the ring of the Mage (left hand) {Wiz Archmagi}
   (You bought it in a shop on level 11 of the Dungeon)

   [ring of wizardry]

   It improves your spell success rate.
   Archmagi:  It increases the power of your magical spells.
 h - the amulet of Ipoit {Reflect Regen+ MP-9 Str+9 Int-4 SH+5}
   (You found it on level 10 of a ziggurat)

   [amulet of reflection]

   It reflects blocked missile attacks.
   Str:       It affects your strength (+9).
   Int:       It affects your intelligence (-4).
   MP:        It affects your magic capacity (-9).
   Regen:     It increases your rate of health regeneration.
   SH:        It affects your SH (+5).
 k - the ring of Zot Urad (right hand) {Will+ MP+9 Str+3 Int+7 Dex-3 Stlth-}
   (You found it on level 5 of a ziggurat)

   [ring of magical power]

   Str:       It affects your strength (+3).
   Int:       It affects your intelligence (+7).
   Dex:       It affects your dexterity (-3).
   MP:        It affects your magic capacity (+9).
   Will:      It increases your willpower.
   Stlth:     It makes you less stealthy.
 l - the amulet "Menagod" {RegenMP rC+ Will+ Dex+2 Slay-6}
   (You found it on level 5 of the Vaults)

   [amulet of magic regeneration]

   It increases your rate of magic regeneration.
   Dex:       It affects your dexterity (+2).
   Slay:      It affects your accuracy & damage with ranged weapons and melee
   (-6).
   rC:        It protects you from cold.
   Will:      It increases your willpower.
 p - a ring of see invisible
 t - the ring "Riso" {rElec rN+ Will+++ Str-5 Slay-2}
   (You bought it in a shop on level 2 of the Depths)

   [ring of positive energy]

   Str:       It affects your strength (-5).
   Slay:      It affects your accuracy & damage with ranged weapons and melee
   (-2).
   rElec:     It insulates you from electricity.
   rN:        It protects you from negative energy.
   Will:      It greatly increases your willpower.
 u - the ring of the Tortoise {AC+8}
   (You bought it in a shop on level 11 of the Dungeon)

   [ring of protection]

   AC:        It affects your AC (+8).
 y - the ring of Erruhy (on amulet) {rF+ rC+ Int+3}
   (You acquired it on level 10 of the Dungeon)

   [ring of protection from cold]

   Int:       It affects your intelligence (+3).
   rF:        It protects you from fire.
   rC:        It protects you from cold.
 Q - the macabre finger necklace (around neck) {Finger+ rN+}
   (You bought it in a shop on level 11 of the Dungeon)

   [amulet of nothing]

   Finger+:   It enables you to equip an extra ring.
   rN:        It protects you from negative energy.
 T - the ring of Byjejeim {rPois rC+ MP-9 Str-4 Slay+6}
   (You found it on level 14 of a ziggurat)

   [ring of protection from cold]

   Str:       It affects your strength (-4).
   Slay:      It affects your accuracy & damage with ranged weapons and melee
   (+6).
   rC:        It protects you from cold.
   rPois:     It protects you from poison.
   MP:        It affects your magic capacity (-9).
 U - the ring of Coronation {rC- Will+ Int+3 Dex+6 Slay+3}
   (You found it on level 15 of a ziggurat)

   [ring of dexterity]

   Int:       It affects your intelligence (+3).
   Dex:       It affects your dexterity (+6).
   Slay:      It affects your accuracy & damage with ranged weapons and melee
   (+3).
   rC:        It makes you vulnerable to cold.
   Will:      It increases your willpower.
Wands
 q - a wand of iceblast (49)
 r - a wand of light (34)
 G - a wand of mindburst (28)
 Y - a wand of digging (9)
Scrolls
 b - 28 scrolls of teleportation
 c - 12 scrolls of fear
 f - 5 scrolls of magic mapping
 n - a scroll of butterflies
 v - 8 scrolls of torment
 x - 16 scrolls of fog
 D - 6 scrolls of poison
 E - 7 scrolls of amnesia
 H - 3 scrolls of silence
 K - 14 scrolls of blinking
Potions
 a - 6 potions of magic
 i - 12 potions of haste
 j - 34 potions of curing
 m - 17 potions of mutation
 s - 13 potions of resistance
 z - 6 potions of ambrosia
 A - 13 potions of heal wounds
 B - 9 potions of might
 J - 7 potions of brilliance
 M - 8 potions of flight
 S - 2 potions of cancellation
 V - a potion of invisibility
Miscellaneous
 g - a tin of tremorstones (2/2)
 C - a lightning rod (4/4)
 F - a condenser vane
 L - a phial of floods
 R - a phantom mirror


   Skills:
 + Level 21.6 Fighting
 - Level 10.0 Long Blades
 - Level 10.0 Maces & Flails
 - Level 12.0 Dodging
 - Level 15.0 Stealth
 - Level 15.0 Shields
 + Level 25.5 Spellcasting
 - Level 18.0 Conjurations
 - Level 4.0 Hexes
 - Level 6.0 Transmutations
 + Level 23.7 Fire Magic
 - Level 12.0 Evocations


You had 19 spell levels left.
You knew the following spells:

 Your Spells              Type           Power      Damage    Failure   Level
a - Stone Arrow           Conj/Erth      100%       3d13      1%          3
b - Iron Shot             Conj/Erth      64%        9d12      1%          6
c - Irradiate             Conj/Tmut      69%        3d34      1%          5
d - Starburst             Conj/Fire      82%        6d21      1%          6
f - Fireball              Conj/Fire      82%        3d30      1%          5
i - Ignition              Fire           85%        3d22      1%          8
o - Orb of Destruction    Conj           78%        9d18      1%          7
s - Fire Storm            Conj/Fire      82%        8d21      6%          9
w - Flame Wave            Conj/Fire      100%       2d21      1%          4
y - Yara's Violent Unrav  Hex/Tmut       55%        3d21      1%          5

Your spell library contained the following spells:

 Spells                   Type           Power      Damage    Failure   Level
 Apportation              Tloc           100%       N/A       1%          1
 Beastly Appendage        Tmut           100%       N/A       1%          1
 Foxfire                  Conj/Fire      100%       2x1d9     1%          1
 Magic Dart               Conj           100%       1d8       1%          1
 Necrotise                Necr           100%       1d9       1%          1
 Sandblast                Erth           100%       2d20      1%          1
 Shock                    Conj/Air       100%       1d9       1%          1
 Slow                     Hex            100%       N/A       1%          1
 Sting                    Tmut/Pois      100%       1d8       1%          1
 Summon Small Mammal      Summ           100%       N/A       1%          1
 Cigotuvi's Dreadful Rot  Necr/Pois/Air  100%       N/A       1%          2
 Lesser Beckoning         Tloc           100%       N/A       1%          2
 Momentum Strike          Conj/Tloc      100%       3d10      1%          2
 Passwall                 Tmut/Erth      83%        N/A       1%          2
 Poisonous Vapours        Pois/Air       100%       N/A       1%          2
 Scorch                   Fire           100%       2d10      1%          2
 Searing Ray              Conj           100%       2d8       1%          2
 Static Discharge         Conj/Air       100%       2-7/arc   1%          2
 Sublimation of Blood     Necr           80%        N/A       1%          2
 Wereblood                Tmut           100%       N/A       1%          2
 Call Canine Familiar     Summ           80%        N/A       1%          3
 Confusing Touch          Hex            100%       N/A       1%          3
 Gell's Gravitas          Tloc           80%        N/A       1%          3
 Ignite Poison            Fire/Tmut/Pois 100%       N/A       1%          3
 Inner Flame              Hex/Fire       100%       N/A       1%          3
 Kindle Blastsparks       Fire/Tloc/Air  100%       2d18      1%          3
 Ozocubu's Armour         Ice            80%        N/A       1%          3
 Portal Projectile        Hex/Tloc       100%       N/A       1%          3
 Spider Form              Tmut/Pois      100%       N/A       1%          3
 Summon Guardian Golem    Hex/Summ       94%        N/A       1%          3
 Teleport Other           Tloc           80%        N/A       1%          3
 Tukima's Dance           Hex            100%       N/A       1%          3
 Vampiric Draining        Necr           80%        2d11      1%          3
 Vhi's Electric Charge    Tloc/Air       100%       N/A       1%          3
 Cause Fear               Hex            52%        N/A       1%          4
 Fulminant Prism          Conj/Hex       67%        3d28      1%          4
 Iskenderun's Mystic Bla  Conj/Tloc      100%       2d19      1%          4
 Leda's Liquefaction      Hex/Erth       47%        N/A       1%          4
 Petrify                  Tmut/Erth      100%       N/A       1%          4
 Sticky Flame             Conj/Fire      100%       2d11      1%          4
 Arcjolt                  Conj/Air       64%        1d74      1%          5
 Blade Hands              Tmut           57%        N/A       1%          5
 Freezing Cloud           Conj/Ice/Air   57%        6-21      1%          5
 Iskenderun's Battlesphe  Conj           100%       2d15      1%          5
 Lightning Bolt           Conj/Air       64%        1d87      1%          5
 Conjure Ball Lightning   Conj/Air       64%        3x3d23    1%          6
 Alistair's Intoxication  Tmut/Pois      66%        N/A       3%          5
 Airstrike                Air            40%        2d(6-22)  4%          4
 Dispel Undead            Necr           80%        3d26      4%          4
 Manifold Assault         Tloc           80%        N/A       4%          4
 Olgreb's Toxic Radiance  Pois           80%        N/A       4%          4
 Passage of Golubria      Tloc           80%        N/A       4%          4
 Metabolic Englaciation   Hex/Ice        47%        N/A       4%          5
 Silence                  Hex/Air        47%        N/A       4%          5
 Summon Mana Viper        Hex/Summ       94%        N/A       4%          5
 Spellforged Servitor     Conj/Summ      64%        N/A       7%          7
 Borgnjor's Vile Clutch   Necr/Erth      40%        N/A       9%          5
 Lee's Rapid Deconstruct  Erth           40%        3d20*     9%          5
 Summon Forest            Summ/Tloc      40%        N/A       9%          5
 Eringya's Noxious Bog    Tmut/Pois      50%        N/A       14%         6
 Statue Form              Tmut/Erth      66%        N/A       14%         6
 Dragon Form              Tmut           57%        N/A       21%         7
 Death Channel            Necr           40%        N/A       38%         6
 Dispersal                Tloc           40%        N/A       38%         6
 Summon Cactus Giant      Summ           40%        N/A       38%         6
 Enfeeble                 Hex            52%        N/A       41%         7
 Lehudib's Crystal Spear  Conj/Erth      64%        10d15     41%         8
 Haunt                    Necr/Summ      40%        N/A       89%         7
 Malign Gateway           Summ/Tloc      40%        N/A       89%         7
 Ozocubu's Refrigeration  Ice            40%        4d16      89%         7
 Summon Hydra             Summ           40%        N/A       89%         7
 Discord                  Hex            52%        N/A       96%         8
 Chain Lightning          Conj/Air       64%        3d85      99%         9
 Disjunction              Tloc           40%        N/A       100%        8
 Summon Horrible Things   Summ           40%        N/A       100%        8
 Dragon's Call            Summ           40%        N/A       100%        9
 Shatter                  Erth           40%        3d31*     100%        9
 Animate Armour           Summ/Erth      Unusable   N/A       N/A         4
 Animate Dead             Necr           Unusable   N/A       N/A         4
 Simulacrum               Ice/Necr       Unusable   N/A       N/A         6

Dungeon Overview and Level Annotations

Branches:
Dungeon (15/15)            Temple (0/1) D:5            Lair (5/5) D:11
  Swamp (4/4) Lair:3        Snake (4/4) Lair:3        Slime (0/5) Lair:4
    Orc (2/2) D:9             Elf (3/3) Orc:2        Vaults (5/5) D:13
  Crypt (0/3) Vaults:3     Depths (4/4) D:15            Zot (5/5) Depths:4
Ossuary (visited)          WizLab (visited)         Desolation (visited)

Altars:
Ashenzari
Cheibriados
Dithmenos
Elyvilon
Fedhas
Gozag
Hepliaklqana
Kikubaaqudgha
Makhleb
Nemelex Xobeh
Sif Muna
Trog
Uskayaw
Wu Jian
Yredelemnul
Zin
The Shining One
Jiyva

Shops:
D:6 (   D:10 :?[[[   D:11 =   D:15 *   Orc:2 (:*:   Elf:2 :   Swamp:4 (
Snake:2 :=:   Snake:4 [(:(   Vaults:2 [   Vaults:4 !   Depths:2 =

Portals:
Hell: Depths:1 Depths:2 Depths:3 Depths:4
Abyss: Lair:5 Depths:3
Pandemonium: Depths:1 Depths:2

Annotations:
Lair:5 exclusion: obsidian statue
Elf:2 3 runed translucent doors
Depths:2 1 runed translucent door, Dameikh's ghost, veteran FoFi
Zot:1 6 transporters
Zot:2 Boris


Innate Abilities, Weirdness & Mutations

You can breathe blasts of fire.
Your fiery red scales are hard. (AC +13)
You cannot fit into any form of body armour.
Your flesh is heat resistant. (rF+)
You are cold-blooded and may be slowed by cold attacks.
You are agile. (Dex +4, Str/Int -1)
You are dopey. (Int -2)
Your magical capacity is low. (-10% MP)
You passively map a small area around you.
Your spells are a little harder to cast, but a little more powerful.


Message History

(P) Snake Pit (M) Slime Pits (O) Orcish Mines (E) Elven Halls (V) Vaults (C) Crypt (U) Depths (H) Hell (Z) Zot
Where to? (Enter - D:1, ? - help)
What level of the Dungeon? (default 1, ? - help)
Things that are here:
5 stones; a +0 dagger You see here a +0 dagger.
There is a stone staircase leading up here.
You fly upwards.
There is a stone staircase leading down here.
The demonspawn black sun stares, then turns away, jangling a coin purse.
A demonspawn black sun comes into view. It is wielding a +0 demon whip.
A soul eater comes into view.
The soul eater stares, then turns away, jangling a coin purse.
The demonspawn black sun moves out of view.
You see here a +0 dagger.
(D) Dungeon (T) Temple (L) Lair (S) Swamp (P) Snake Pit (M) Slime Pits (O) Orcish Mines (E) Elven Halls (V) Vaults (C) Crypt (U) Depths (H) Hell (Z) Zot
Where to? (Enter - D:1, ? - help)
Okay, then.
(D) Dungeon (T) Temple (L) Lair (S) Swamp (P) Snake Pit (M) Slime Pits (O) Orcish Mines (E) Elven Halls (V) Vaults (C) Crypt (U) Depths (H) Hell (Z) Zot
Where to? (Enter - D:1, ? - help)
What level of the Dungeon? (default 1, ? - help)
You swap places.
Magic restored.
A demonspawn blood saint comes into view.
It is wielding a +0 dagger.
The demonspawn blood saint stares, then turns away, jangling a coin purse.
You swap places.
There is a stone staircase leading up here.
You fly upwards.
There is a stone staircase leading down here.
There is a staircase leading out of the dungeon here.
You can't go down here!
You have escaped!

.##########.###...#
..........#.#....##
##..#####.#...##.#
##.## #...####.###
#..# ##.###≈#.#≈##
##.# #.##≈P...P≈##
#.## #.#≈P8P.P8P≈#
#..## #.##≈P...P≈##
##..# #.##≈..@.♣≈#
######.# #.#≈.8..♣8♣≈#
#......###.##≈.≈.≈♣≈##
#...).......##≈#.#≈##
#.....###....###.###
#.....# ##...#...#
#.....# ##..#.###
#.....# #..#.#
#.....#####....#


There were no monsters in sight!

Vanquished Creatures
  3 dread liches (Zot:5)
  8 ancient liches
  3 orbs of fire
  3 juggernauts
  Boris (Vaults:5)
  3 royal mummies (Zig:12)
  Parghit (Depths:3)
  2 Killer Klowns (Zot:5)
  Saint Roka (Snake:2)
  3 caustic shrikes
  8 golden dragons
  A profane servitor (Zig:7)
  3 electric golems
  2 doom hounds (Depths:2)
  5 bone dragons
  A hellephant (Zig:1)
  9 tentacled monstrosities
  Rupert (Snake:1)
  Cloud Mage (WizLab)
  An Ice Fiend (Depths:2)
  3 Hell Sentinels (Zig:10)
  19 Orb Guardians (Zot:5)
  4 deep elf blademasters
  Mlioglotl (Snake:4)
  Grunn (Depths:2)
  A walking divine tome (Depths:2)
  5 deep elf master archers
  2 titans (Vaults:5)
  8 quicksilver dragons
  Gastronok (D:8)
  4 death cobs
  5 sphinxes
  7 shadow dragons
  3 ancient champions
  Roxanne (Snake:1)
  4 tengu reavers
  13 storm dragons
  Agnes (Snake:1)
  3 revenants (Zig:14)
  2 daevas
  3 draconian monks
  6 fire giants
  14 nagarajas
  2 draconian knights (Zot:5)
  A fenstrider witch (shapeshifter) (D:14)
  2 ghost moths
  10 deep elf sorcerers
  A fenstrider witch (Swamp:2)
  10 frost giants
  3 quicksilver elementals
  3 draconian scorchers
  13 vault wardens
  2 iron dragons
  3 curse skulls (Zig:14)
  2 imperial myrmidons (Desolation)
  9 deep elf elementalists (Elf:3)
  4 draconian shifters
  2 reapers
  19 ironbound preservers
  3 angels (Zig:5)
  2 war gargoyles
  4 draconian annihilators
  2 draconian stormcallers
  17 stone giants
  3 ironbound thunderhulks
  23 very ugly things
  5 vampire knights
  The ghost of Sobieck the Unseen, a journeyman SpEE of Ashenzari (Lair:5)
  5 black draconians
  4 deep elf demonologists (Elf:3)
  5 white draconians
  12 dire elephants
  6 green draconians
  2 purple draconians
  An eleionoma (Swamp:2)
  10 deep elf annihilators
  4 red draconians
  3 starcursed masses (Zig:9)
  A halazid warlock (Desolation)
  2 bunyips (Swamp:2)
  9 spark wasps
  3 yellow draconians
  5 eidola
  2 blizzard demons (WizLab)
  5 deep elf death magi
  A merfolk javelineer (Depths:3)
  3 iron golems
  3 fire dragons
  5 crystal guardians
  4 jiangshi
  A merfolk impaler (Depths:3)
  14 ettins
  4 mummy priests (Zig:12)
  6 peacekeepers
  15 yaktaur captains
  3 great orbs of eyes (Vaults:4)
  7 ragged hierophants (Desolation)
  12 deep elf high priests
  An entropy weaver (shapeshifter) (Elf:1)
  3 entropy weavers
  11 servants of whispers (Desolation)
  An ice dragon (shapeshifter) (D:14)
  28 vault guards
  A hell beast (Depths:1)
  12 salamander tyrants
  4 rakshasas
  9 spriggan air magi
  6 ogre magi
  4 ghost crabs
  12 ice dragons
  19 hydras
  3 catoblepae
  5 boulder beetles
  11 ironbound frosthearts
  4 alligators (Swamp:2)
  14 centaur warriors
  23 dancing weapons
  7 death scarabs (Zig:12)
  21 two-headed ogres
  3 death knights
  24 naga warriors
  12 anacondas
  11 deep troll shamans
  An anaconda (shapeshifter) (Zig:2)
  6 death yaks
  6 tengu warriors
  9 vampire magi
  An orc high priest (Zig:11)
  6 deep troll earth magi
  6 spriggan berserkers
  19 naga sharpshooters
  10 shock serpents
  4 thrashing horrors
  A soul eater (Depths:2)
  A hell hog (Lair:5)
  A shock serpent (shapeshifter) (Vaults:5)
  16 deep elf knights
  Sonja (Lair:3)
  2 wretched stars (Zig:9)
  5 hell knights
  10 spriggans
  2 sun demons
  5 shadow wraiths
  4 iron trolls
  3 crystal echidnas
  9 salamander mystics
  5 skysharks
  3 death drakes (WizLab)
  3 goliath frogs
  A spectral anaconda (Lair:5)
  3 cherubim (Zig:5)
  7 bog bodies
  A sea snake (Snake:1)
  3 swamp dragons
  2 spriggan druids
  A glowing orange brain (shapeshifter) (Vaults:3)
  An obsidian statue (Zig:6)
  2 orange crystal statues (Zig:6)
  5 flayed ghosts
  6 glowing orange brains
  38 deep trolls
  5 phantasmal warriors
  6 naga ritualists
  12 deep elf archers
  25 ironbound convokers
  A tengu zombie (Vaults:1)
  7 lindwurms
  A harpy (shapeshifter) (D:14)
  2 spectral hydras (Swamp:4)
  10 necromancers
  31 deep elf zephyrmancers
  6 orc knights
  7 harpies (Vaults:1)
  5 wizards
  34 deep elf pyromancers
  An oklob plant (Swamp:4)
  2 stone giant zombies (Vaults:1)
  2 will-o-the-wisps
  27 salamanders
  61 ugly things
  6 orc sorcerers
  5 manticores
  11 mana vipers
  A wolf spider (Lair:5)
  20 moths of wrath
  6 cyclopes
  A black mamba (shapeshifter) (D:12)
  13 elephants
  19 guardian serpents
  3 apocalypse crabs (WizLab)
  Joseph (D:8)
  2 gargoyles
  A torpor snail (shapeshifter) (Elf:2)
  39 black mambas
  21 naga magi
  A centaur skeleton (D:15)
  An ice statue (Zig:6)
  A molten gargoyle (Desolation)
  Maggie (D:6)
  10 vault sentinels
  An orange demon (Depths:2)
  4 swamp worm zombies (Swamp:4)
  2 smoke demons
  2 rime drakes
  13 cane toads
  An unseen horror (D:11)
  4 kobold demonologists
  25 yaktaurs
  6 komodo dragons
  An ice devil (D:13)
  Psyche (D:8)
  A tengu conjurer (Depths:2)
  An ancient zyme (Zig:9)
  2 tormentors (Zig:6)
  4 freezing wraiths
  5 guardian mummies (Zig:12)
  2 efreet
  A hellwing (Depths:1)
  A troll (shapeshifter) (D:13)
  4 bloated husks
  A hornet (shapeshifter) (Vaults:5)
  13 trolls
  5 hydra zombies (Swamp:4)
  3 raiju (Zig:9)
  10 hornets
  A wind drake (shapeshifter) (Elf:1)
  2 wind drakes (WizLab)
  4 tyrant leeches
  52 saltlings (Desolation)
  10 blink frogs (Lair:5)
  7 dream sheep (Lair:5)
  2 spectral swamp dragons (Swamp:4)
  A spectral elephant (Lair:5)
  27 slime creatures
  4 alligator zombies (Swamp:4)
  2 centaur simulacra (D:15)
  2 elf skeletons (Vaults:1)
  17 air elementals
  27 water elementals
  5 flying skulls (Zig:12)
  A ynoxinul (Lair:5)
  2 culicivoras
  7 wyverns
  A basilisk (D:15)
  3 vampires
  5 wraiths
  6 fire elementals
  A human (D:9)
  34 yaks
  4 ushabtiu (Zig:12)
  4 hogs (D:9)
  5 steam dragons
  4 chaos spawn
  A redback (shapeshifter) (Depths:2)
  21 vampire mosquitoes
  A basilisk (shapeshifter) (Vaults:4)
  3 death yak simulacra (Lair:5)
  19 swamp worms
  2 neqoxecs (Zig:9)
  2 redbacks (Vaults:3)
  A spectral cane toad (Lair:5)
  4 wargs
  59 nagas
  3 acid dragons
  8 water moccasins
  2 floating eyes (Depths:4)
  A hell hound (Swamp:2)
  A swamp drake (shapeshifter) (D:14)
  A swamp drake (Swamp:2)
  7 ice beasts
  A sky beast (D:8)
  3 black bears
  2 swamp dragon zombies (Swamp:4)
  33 orc warriors
  31 ogres
  A boggart (D:14)
  6 wolves (D:11)
  A wolf (shapeshifter) (D:14)
  12 centaurs
  4 phantoms (Swamp:4)
  2 elf simulacra (Vaults:1)
  7 kobold brigands
  8 bullfrogs
  2 gnoll sergeants
  An elf zombie (Ossuary)
  2 earth elementals
  11 wights
  4 scorpions
  An elephant simulacrum (Lair:5)
  28 killer bees
  5 electric eels
  A howler monkey (shapeshifter) (Depths:2)
  6 howler monkeys
  4 jellies
  15 orc priests
  A gnoll bouda (Zig:11)
  5 hounds
  2 sleepcaps
  2 iguanas
  23 orc wizards
  A boggart zombie (D:15)
  5 hell rats (Lair:3)
  3 spectral swamp drakes (Swamp:4)
  5 mummies
  15 adders
  13 gnolls
  A swamp drake zombie (Swamp:4)
  2 shadow imps
  A white imp (D:5)
  4 worms
  4 dart slugs
  50 orcs
  6 ball pythons
  8 bats
  10 endoplasms
  3 giant cockroaches
  10 goblins
  3 hobgoblins
  3 jackals (D:2)
  32 kobolds
  5 quokkas
  4 frilled lizards
  A gnoll zombie (Ossuary)
  5 goblin zombies (Ossuary)
  3 hobgoblin zombies (Ossuary)
  4 orc zombies (Ossuary)
  3 rats
  6 fire vortices
2263 creatures vanquished.

Vanquished Creatures (collateral kills)
  An ancient lich (Vaults:5)
  A Killer Klown (Zot:5)
  3 golden dragons
  2 tentacled monstrosities (Vaults:5)
  2 Orb Guardians (Zot:5)
  2 storm dragons
  2 tengu reavers (Vaults:5)
  A fire giant (Vaults:5)
  A draconian scorcher (Zot:5)
  3 ironbound preservers (Vaults:5)
  A green draconian (Zot:5)
  A very ugly thing (Vaults:5)
  A stone giant (Vaults:5)
  A war gargoyle (Vaults:5)
  2 black draconians
  A yellow draconian (Zot:5)
  An ettin (Vaults:5)
  A yaktaur captain (Vaults:5)
  A rakshasa (Depths:2)
  A hell knight (Vaults:5)
  4 moths of wrath
  22 foxfires
55 creatures vanquished.

Vanquished Creatures (others)
  2 dread liches (Zot:5)
  An orb of fire (Zot:5)
  6 tentacled monstrosities
  2 titans (Vaults:5)
  4 Orb Guardians (Zot:5)
  3 storm dragons (Zot:4)
  2 draconian monks
  A fire giant (Vaults:5)
  A deep elf sorcerer (Vaults:5)
  A draconian knight (Zot:4)
  2 vault wardens (Vaults:5)
  2 draconian stormcallers
  2 ironbound preservers
  A stone giant (Vaults:5)
  8 green draconians
  8 yellow draconians
  3 purple draconians
  3 white draconians (Zot:4)
  3 red draconians
  4 black draconians
  A deep elf death mage (Vaults:5)
  2 yaktaur captains (Vaults:5)
  A hydra (Lair:5)
  A vampire mage (Depths:4)
  A deep troll (Vaults:4)
  An ironbound convoker (Vaults:5)
  2 moths of wrath (Zot:4)
  A smoke demon (Zig:9)
  A water nymph (shapeshifter) (Vaults:5)
  2 yaktaurs (Vaults:5)
  A saltling (Desolation)
  A bush (Lair:5)
  8 demonic plants (D:3)
  80 fire vortices
  1813 foxfires
  7 fulminant prisms
  59 fungi
  71 plants
  4 toadstools (D:1)
  40 withered plants
2156 creatures vanquished.

Grand Total: 4474 creatures vanquished

Notes
Turn   | Place    | Note
-------+----------+-------------------------------------------
     0 | D:1      | oldriver the Draconian Fire Elementalist began the quest
                  | for the Orb.
     0 | D:1      | Reached XP level 1. HP: 14/14 MP: 3/3
   207 | D:1      | Reached XP level 2. HP: 13/20 MP: 1/5
   570 | D:1      | Learned a level 2 spell: Scorch
  1224 | D:1      | Reached XP level 3. HP: 26/26 MP: 1/7
  1713 | D:2      | Reached skill level 3 in Spellcasting
  2104 | D:2      | Reached XP level 4. HP: 33/33 MP: 6/8
  3245 | D:3      | Reached XP level 5. HP: 38/38 MP: 6/10
  3545 | D:3      | Found a faded altar of an unknown god.
  3552 | D:3      | Noticed a steam dragon
  3565 | D:3      | Killed a steam dragon
  3566 | D:3      | Reached skill level 4 in Spellcasting
  3566 | D:3      | Reached XP level 6. HP: 26/45 MP: 0/13
  3812 | D:3      | Found a shadowy altar of Dithmenos.
  3818 | D:3      | Reached skill level 5 in Spellcasting
  4383 | D:3      | Found an opulent altar of Gozag.
  4391 | D:3      | Became a worshipper of Gozag Ym Sagoz the Greedy
  4916 | D:4      | Reached skill level 5 in Fire Magic
  4921 | D:4      | Your scales start taking on a fiery red colour.
  4921 | D:4      | Reached XP level 7. HP: 39/50 MP: 4/15
  4921 | D:4      | Gained mutation: Your flesh is heat resistant. (rF+) [Red
                  | Draconian growth]
  5031 | D:4      | Found a white marble altar of Elyvilon.
  5031 | D:4      | Found an ancient bone altar of Kikubaaqudgha.
  5031 | D:4      | Found a glowing golden altar of the Shining One.
  5155 | D:4      | Reached skill level 6 in Spellcasting
  5615 | D:5      | Entered Level 5 of the Dungeon
  5652 | D:5      | Found a staircase to the Ecumenical Temple.
  5694 | D:5      | Found a burning altar of Makhleb.
  5708 | D:5      | Found a sand-covered staircase.
  5718 | Ossuary  | Entered an ossuary
  5989 | Ossuary  | Learned a level 3 spell: Inner Flame
  5993 | Ossuary  | Learned a level 3 spell: Kindle Blastsparks
  6513 | D:5      | Reached skill level 1 in Fighting
  6630 | D:5      | Found a blossoming altar of Fedhas.
  7007 | D:5      | Reached XP level 8. HP: 62/62 MP: 10/17
  7153 | D:5      | Found a glowing silver altar of Zin.
  7153 | D:5      | Noticed an angel
  7173 | D:5      | You fall into a shaft and drop 2 floors!
  7475 | D:7      | Noticed a troll
  7480 | D:7      | Killed a troll
  7640 | D:6      | Reached skill level 7 in Spellcasting
  7691 | D:6      | Noticed Maggie
  7707 | D:6      | Killed Maggie
  7708 | D:6      | Reached skill level 10 in Fire Magic
  7708 | D:6      | Reached XP level 9. HP: 50/69 MP: 5/20
  7903 | D:6      | Reached skill level 8 in Spellcasting
  8314 | D:6      | Found a bloodstained altar of Trog.
  8354 | D:6      | Reached skill level 9 in Spellcasting
  8604 | D:6      | Found Zoudghups's Weapon Emporium.
  8678 | D:6      | Learned a level 4 spell: Flame Wave
  8888 | D:5      | Found a basalt altar of Yredelemnul.
  9932 | D:7      | Found a hide-covered altar of Uskayaw.
 10598 | D:8      | Noticed Gastronok
 10604 | D:8      | Reached XP level 10. HP: 70/80 MP: 20/23
 10621 | D:8      | HP: 2/80 [Gastronok (32)]
 10628 | D:8      | Killed Gastronok
 10629 | D:8      | Reached skill level 5 in Fighting
 10629 | D:8      | Reached skill level 10 in Spellcasting
 10899 | D:8      | Noticed Joseph
 10910 | D:8      | Killed Joseph
 10917 | D:8      | Reached skill level 5 in Stealth
 11188 | D:8      | Reached skill level 5 in Maces & Flails
 11223 | D:8      | Found a sparkling altar of Nemelex Xobeh.
 11376 | D:8      | Found a snail-covered altar of Cheibriados.
 11376 | D:8      | Found a hazy altar of Hepliaklqana.
 11376 | D:8      | Found an ornate altar of the Wu Jian Council.
 11454 | D:8      | Noticed Psyche
 11461 | D:8      | Killed Psyche
 12007 | D:9      | Found a staircase to the Orcish Mines.
 12896 | D:9      | Reached XP level 11. HP: 63/92 MP: 25/25
 13313 | D:10     | Entered Level 10 of the Dungeon
 13332 | D:10     | Learned a level 4 spell: Fulminant Prism
 13338 | D:10     | Learned a level 5 spell: Yara's Violent Unravelling
 13365 | D:10     | Found Ziezos's Antique Armour Emporium.
 13375 | D:10     | Bought a pair of glowing boots for 210 gold pieces
 13375 | D:10     | Bought a runed kite shield for 210 gold pieces
 13467 | D:10     | Found Asoucs's Magic Scroll Shop.
 13513 | D:10     | Noticed a lindwurm
 13645 | D:10     | Found Eceuva Feopu's Antique Armour Shop.
 13666 | D:10     | Noticed a lindwurm
 13675 | D:10     | Noticed a lindwurm
 13788 | D:10     | Identified a scroll of acquirement
 13788 | D:10     | Acquired the ring of Erruhy {rF+ rC+ Int+3}
 13825 | D:10     | Found a broken altar of Ashenzari.
 13852 | D:10     | Found Xauklut's Armour Shoppe.
 13999 | D:10     | Found Vebos's Book Boutique.
 14077 | D:10     | Noticed a lindwurm
 14361 | D:10     | Reached skill level 1 in Hexes
 14524 | D:11     | Reached skill level 1 in Shields
 14595 | D:11     | Reached skill level 5 in Conjurations
 14913 | D:11     | Found a staircase to the Lair.
 15923 | Lair:1   | Entered Level 1 of the Lair of Beasts
 16452 | Lair:1   | Reached XP level 12. HP: 103/103 MP: 26/26
 17059 | Lair:2   | Noticed a boulder beetle
 17079 | Lair:2   | Killed a boulder beetle
 17080 | Lair:2   | Reached skill level 11 in Spellcasting
 17319 | Lair:2   | Noticed a seven-headed hydra
 17325 | Lair:2   | Killed a seven-headed hydra
 18335 | D:10     | Bought a cloak for 126 gold pieces
 18335 | D:10     | Bought a transparent hat for 252 gold pieces
 18335 | D:10     | Identified the +5 hat of Ileyc {-Cast rN+ Will+} (You
                  | bought it in a shop on level 10 of the Dungeon)
 18473 | Lair:3   | Found a staircase to the Snake Pit.
 18477 | Lair:3   | Noticed Sonja
 18486 | Lair:3   | Killed Sonja
 18705 | Lair:3   | Found a staircase to the Swamp.
 18944 | Lair:3   | Reached skill level 5 in Dodging
 19111 | Lair:3   | Reached skill level 10 in Fighting
 19637 | Lair:3   | Found a hide-covered altar of Uskayaw.
 20114 | Lair:4   | Found a staircase to the Slime Pits.
 20114 | Lair:4   | Found a viscous altar of Jiyva.
 20176 | Lair:4   | Noticed a five-headed hydra
 20184 | Lair:4   | Killed a five-headed hydra
 20185 | Lair:4   | Reached XP level 13. HP: 113/113 MP: 28/28
 20477 | Lair:4   | Reached skill level 12 in Spellcasting
 20725 | Lair:4   | Found a sparkling altar of Nemelex Xobeh.
 21441 | Lair:4   | Learned a level 3 spell: Stone Arrow
 21454 | Lair:5   | Entered Level 5 of the Lair of Beasts
 21583 | Lair:5   | Identified the +1 robe of the Gastropod {Int+3 SInv}
 21608 | Lair:5   | Reached skill level 1 in Transmutations
 21608 | Lair:5   | Reached skill level 1 in Evocations
 21761 | Lair:5   | Reached skill level 13 in Spellcasting
 21811 | Lair:5   | Found a transporter.
 22405 | Lair:5   | Learned a level 5 spell: Fireball
 22532 | Lair:5   | Found a transporter.
 22812 | Lair:5   | Reached XP level 14. HP: 117/121 MP: 13/31
 22943 | Lair:5   | Found a one-way gate to the infinite horrors of the Abyss.
 22943 | Lair:5   | Noticed Sobieck's ghost (journeyman SpEE)
 23686 | Lair:5   | Identified the +1 robe of Sloth {rF++ rN++}
 24698 | Lair:5   | Identified the +6 war axe "Zacryido" {spect, rElec Int+3}
 24997 | Lair:5   | Learned a level 7 spell: Orb of Destruction
 25748 | D:12     | Reached skill level 5 in Evocations
 25910 | D:12     | Reached skill level 5 in Shields
 26849 | D:12     | Reached skill level 10 in Conjurations
 27038 | D:12     | Noticed a storm dragon
 27099 | D:11     | Bought the ring of the Mage {Wiz Archmagi} for 816 gold
                  | pieces
 27099 | D:11     | Found the ring of the Mage {Wiz Archmagi}
 27099 | D:11     | Bought the macabre finger necklace {Finger+ rN+} for 640
                  | gold pieces
 27099 | D:11     | Found the macabre finger necklace {Finger+ rN+}
 27176 | Orc:1    | Entered Level 1 of the Orcish Mines
 27625 | Orc:2    | Entered Level 2 of the Orcish Mines
 28089 | Orc:2    | Found a staircase to the Elven Halls.
 28951 | Orc:2    | Paralysed by something for 3 turns
 29325 | Orc:2    | Reached XP level 15. HP: 129/129 MP: 31/32
 29614 | Orc:2    | Found Tepuasch's Book Shop.
 29614 | Orc:2    | Found Ricujewi's Assorted Antiques.
 29614 | Orc:2    | Found Raad's Book Emporium.
 29614 | Orc:2    | Found Ajexuo's Antique Weapon Boutique.
 29682 | Orc:2    | Reached skill level 10 in Maces & Flails
 29996 | D:10     | Bought a scroll of enchant armour for 90 gold pieces
 30071 | Orc:2    | Bought an Everburning Encyclopedia for 504 gold pieces
 30085 | Orc:2    | Learned a level 8 spell: Ignition
 30268 | Swamp:1  | Entered Level 1 of the Swamp
 31329 | Swamp:1  | Noticed a tentacled monstrosity
 31354 | Swamp:1  | Killed a tentacled monstrosity
 31694 | Swamp:2  | Noticed a fenstrider witch
 31699 | Swamp:2  | Killed a fenstrider witch
 33273 | Swamp:2  | Acquired the +2 pair of gloves "Poubb" {rPois rCorr}
 33286 | Swamp:2  | Acquired a book of Power
 33446 | D:11     | Bought the ring of the Tortoise {AC+8} for 2048 gold pieces
 33446 | D:11     | Found the ring of the Tortoise {AC+8}
 34192 | D:12     | Killed a storm dragon
 34193 | D:12     | Reached skill level 14 in Spellcasting
 35328 | D:13     | Found a gate to the Vaults.
 35816 | D:13     | Found a hide-covered altar of Uskayaw.
 36099 | D:14     | Identified the +1 flail "Jefaa" {flame, Str+3}
 36627 | Snake:1  | Entered Level 1 of the Snake Pit
 36932 | Snake:1  | Noticed Roxanne
 36947 | Snake:1  | Noticed Rupert
 37285 | Snake:1  | Killed Rupert
 37286 | Snake:1  | Reached XP level 16. HP: 101/139 MP: 24/34
 37699 | Snake:1  | Noticed Agnes
 37713 | Snake:1  | Killed Agnes
 38991 | Snake:1  | Reached skill level 15 in Fire Magic
 39618 | Snake:1  | Killed Roxanne
 40137 | Snake:2  | Identified the +5 shortbow "Jakef" {flame, Drain rN+++
                  | Int+2 Dex+7}
 40643 | Snake:2  | Noticed Saint Roka
 41127 | Snake:2  | Killed Saint Roka
 42638 | Snake:2  | Found Zieggul's Book Shop.
 42638 | Snake:2  | Found Xypol's Jewellery Shoppe.
 42639 | Snake:2  | Found Ucvockel's Book Shop.
 42649 | Snake:2  | Bought a manual of Stealth for 1040 gold pieces
 43334 | Snake:3  | Reached skill level 10 in Shields
 44306 | Snake:3  | Reached XP level 17. HP: 146/146 MP: 35/35
 45083 | Snake:4  | Entered Level 4 of the Snake Pit
 47269 | Snake:4  | Found Orcheam's Weapon Shoppe.
 47272 | Snake:4  | Found Tannyalu's Weapon Emporium.
 47272 | Snake:4  | Found Dymaduwn's Armour Shoppe.
 47277 | Snake:4  | Found Ojeje's Book Emporium.
 47501 | Snake:4  | Reached skill level 10 in Stealth
 47739 | Snake:4  | Reached skill level 15 in Spellcasting
 47764 | Snake:4  | Noticed Mlioglotl
 48114 | Snake:4  | Killed Mlioglotl
 48697 | Snake:4  | Noticed a quicksilver dragon
 48702 | Snake:4  | Killed a quicksilver dragon
 48858 | Snake:4  | Noticed a quicksilver dragon
 49012 | Snake:4  | Got a serpentine rune of Zot
 49125 | Snake:4  | Killed a quicksilver dragon
 50493 | Swamp:4  | Entered Level 4 of the Swamp
 50626 | Swamp:4  | Reached XP level 18. HP: 76/154 MP: 24/37
 52435 | Swamp:4  | Noticed a bone dragon
 52463 | Swamp:4  | Killed a bone dragon
 52686 | Swamp:4  | Got a decaying rune of Zot
 52791 | Swamp:4  | Bought an ebony sling for 247 gold pieces
 52791 | Swamp:4  | Identified the +5 sling of Agony {drain, Fragile Int+5}
                  | (You bought it in a shop on level 4 of the Swamp)
 53952 | D:14     | Reached skill level 16 in Spellcasting
 55374 | D:14     | Found a shimmering altar of Xom.
 55374 | D:14     | Found a shimmering altar of Xom.
 55374 | D:14     | Found a shimmering altar of Xom.
 55376 | D:14     | Found a shimmering altar of Xom.
 55869 | D:15     | Entered Level 15 of the Dungeon
 57219 | D:15     | Found a staircase to the Depths.
 57357 | D:15     | Found Muhari's Neck Hole.
 57365 | D:15     | Bought the +0 cloak "Sosuly" {rF+ Regen+ Str-2} for 243
                  | gold pieces
 57426 | D:15     | Found a shimmering blue altar of Sif Muna.
 57568 | Vaults:1 | Entered Level 1 of the Vaults
 57885 | Vaults:1 | Learned a level 5 spell: Irradiate
 58867 | Lair:5   | Killed Sobieck's ghost
 59365 | Vaults:1 | Reached XP level 19. HP: 165/167 MP: 28/39
 61110 | Vaults:1 | Reached skill level 5 in Transmutations
 62716 | Vaults:2 | Reached skill level 15 in Fighting
 64180 | Vaults:2 | Found Ucaa's Armour Shoppe.
 65812 | Vaults:3 | Reached XP level 20. HP: 179/179 MP: 25/40
 66074 | Vaults:3 | Reached skill level 17 in Spellcasting
 66599 | Vaults:3 | Found a staircase to the Crypt.
 67611 | Vaults:4 | Found Ifalyo's Distillery.
 67619 | Vaults:4 | Bought a potion of curing for 45 gold pieces
 67619 | Vaults:4 | Bought a potion of haste for 150 gold pieces
 67619 | Vaults:4 | Bought a potion of curing for 45 gold pieces
 67619 | Vaults:4 | Bought a potion of magic for 120 gold pieces
 67619 | Vaults:4 | Bought 2 potions of curing for 90 gold pieces
 70485 | Elf:1    | Entered Level 1 of the Elven Halls
 71044 | Elf:1    | Found a crumbling gateway.
 71055 | Desolati | Entered the Desolation of Salt
 71946 | Desolati | Got the Quarto of Familiar Gloom
 71964 | Desolati | Identified the amulet "Biucagom" {*Slow Fly rPois Regen+}
 72358 | Desolati | Got the Quarto of Hypothermia and the Scorpion
 72410 | Desolati | Identified the +2 leather armour "Fehyejud" {Harm rF+
                  | Will+}
 72635 | Desolati | Reached XP level 21. HP: 189/189 MP: 30/42
 72929 | Desolati | Got Paatecipp's Spellbook of Metamorphic Embers
 72938 | Desolati | Identified the +1 arbalest of Fulat {heavy, rPois Dex+3}
 73141 | Desolati | Learned a level 6 spell: Iron Shot
 73151 | Desolati | Learned a level 9 spell: Fire Storm
 73488 | Elf:1    | You are sucked into a shaft and drop 1 floor!
 73974 | Elf:1    | Reached skill level 10 in Evocations
 74089 | Elf:1    | Got the Spellbook of Arcane Combat
 75130 | Elf:2    | Found Maizey Nuto's Tremendous Tomes.
 75539 | Elf:2    | Paralysed by an air elemental for 1 turns
 75960 | Elf:2    | Found a runed translucent gate.
 75961 | Elf:2    | Found a runed translucent gate.
 75961 | Elf:2    | Found a runed translucent gate.
 76436 | Elf:3    | Entered Level 3 of the Elven Halls
 76918 | Elf:3    | Reached skill level 10 in Dodging
 77655 | Elf:3    | Identified the amulet of Dishonesty {Spirit Int+5 SInv}
 77659 | Elf:3    | Identified the +4 spear of the Land of Plenty {venom,
                  | *Corrode rPois rF+ Stlth+}
 77951 | Elf:3    | Identified the +6 mace "Tistraqash" {venom, rPois Stlth+}
 78135 | Elf:3    | Reached skill level 15 in Conjurations
 78160 | Elf:3    | Identified the ring "Ohoipute" {rC+ Will+}
 78239 | Elf:3    | Reached skill level 18 in Spellcasting
 79359 | Elf:3    | Got the Verses on Oromancy and Filth
 79903 | Depths:1 | Entered Level 1 of the Depths
 80222 | Depths:1 | Found an ancient bone altar of Kikubaaqudgha.
 80712 | Depths:1 | Found a snail-covered altar of Cheibriados.
 81001 | Depths:1 | Reached XP level 22. HP: 200/200 MP: 44/44
 81514 | Depths:1 | Found a one-way gate leading to the halls of Pandemonium.
 81870 | Depths:1 | Found a gateway to Hell.
 81940 | Depths:2 | Noticed Dameikh's ghost (veteran FoFi)
 81961 | Depths:2 | Found a runed translucent door.
 81971 | Depths:2 | Noticed Grunn
 81977 | Depths:2 | Killed Grunn
 82774 | Depths:2 | Found the +7 captain's cutlass {speed, disarm}
 83072 | Depths:2 | Found Poycit's Jewellery Emporium.
 84545 | Depths:2 | Identified the +1 troll leather armour of Starshine
                  | {Rampage rElec Regen+ Str-2 Int-3 SInv}
 84620 | Depths:2 | Noticed a juggernaut
 84624 | Depths:2 | Killed a juggernaut
 85237 | Depths:2 | Got Gaigrouhoo's Disquisition on the Dimensional Brume
 85585 | Depths:2 | Noticed a caustic shrike
 85592 | Depths:2 | Killed a caustic shrike
 86059 | Depths:3 | Noticed Parghit
 86274 | Depths:3 | Found a one-way gateway to a ziggurat.
 87552 | Depths:3 | Reached skill level 19 in Spellcasting
 87702 | Depths:3 | Killed Parghit
 88274 | Depths:3 | Reached XP level 23. HP: 199/209 MP: 40/46
 88777 | Depths:3 | Got the Spellbook of Horrible Permutations
 89294 | Depths:4 | Entered Level 4 of the Depths
 89676 | Depths:4 | Found a magical portal.
 89694 | WizLab   | Entered The Chambers of the Cloud Mage
 89844 | WizLab   | Paralysed by you for 5 turns
 90130 | WizLab   | Paralysed by an air elemental for 1 turns
 90321 | WizLab   | Paralysed by an air elemental for 1 turns
 90627 | WizLab   | Noticed Yto Nuh
 90632 | WizLab   | Killed Yto Nuh the Cloud Mage
 90755 | WizLab   | Got the Directory of Fumes
 91424 | Depths:4 | Found a gate to the Realm of Zot.
 91432 | Depths:4 | Reached skill level 20 in Spellcasting
 92917 | Vaults:5 | Entered Level 5 of the Vaults
 93094 | Vaults:5 | Identified the +4 long sword "Sudet" {freeze, *Noise rN+
                  | rCorr}
 93652 | Vaults:5 | Noticed Boris
 93820 | Vaults:5 | Killed Boris
 93821 | Vaults:5 | Reached XP level 24. HP: 210/218 MP: 3/47
 94148 | Vaults:5 | Noticed an ancient lich
 94334 | Vaults:5 | Killed an ancient lich
 95120 | Vaults:5 | Got a silver rune of Zot
 95342 | Vaults:5 | Identified the amulet "Menagod" {RegenMP rC+ Will+ Dex+2
                  | Slay-6}
 95441 | Vaults:5 | Identified the +0 pair of boots of the Pink Corner {Harm
                  | Will- rCorr Int-2}
 95694 | Vaults:5 | Identified the +3 scimitar "Ucujyas" {freeze, rC+ Str+2
                  | Int+7 Dex-4}
 95758 | Vaults:5 | Identified the +8 long sword "Meyloups" {flame, rPois}
 96536 | Depths:2 | Bought the ring "Riso" {rElec rN+ Will+++ Str-5 Slay-2} for
                  | 603 gold pieces
 96654 | Zot:1    | Entered Level 1 of the Realm of Zot
 96654 | Zot:1    | Found a transporter.
 96654 | Zot:1    | Found a transporter.
 97624 | Zot:1    | Noticed an orb of fire
 97654 | Zot:1    | Gained mutation: You are vulnerable to cold. (rC-) [an orb
                  | of fire]
 97656 | Zot:1    | Killed an orb of fire
 97983 | Zot:1    | Found a transporter.
 97998 | Zot:1    | Found a transporter.
 98270 | Zot:1    | Found a transporter.
 98272 | Zot:1    | Found a transporter.
 98448 | Zot:1    | Lost mutation: You are vulnerable to cold. (rC-) [potion of
                  | mutation]
 98448 | Zot:1    | Gained mutation: You are agile. (Dex +4, Str/Int -1)
                  | [potion of mutation]
 98448 | Zot:1    | Gained mutation: Your spells are a little harder to cast,
                  | but a little more powerful. [potion of mutation]
 99217 | Zot:2    | Reached skill level 21 in Spellcasting
102692 | Zot:5    | Entered Level 5 of the Realm of Zot
102794 | Zot:5    | Noticed a Killer Klown
102798 | Zot:5    | Killed a Killer Klown
103255 | Zot:5    | Noticed an orb of fire
103274 | Zot:5    | Killed an orb of fire
103445 | Zot:5    | Identified the +9 mace of Waiheoti {heavy, Fly rN++ MP+9
                  | Dex-4}
103618 | Zot:5    | Noticed a Killer Klown
103621 | Zot:5    | Noticed an orb of fire
103621 | Zot:5    | Noticed a dread lich
103626 | Zot:5    | Killed a Killer Klown
103636 | Zot:5    | Gained mutation: You are dopey. (Int -2) [an orb of fire]
103764 | Zot:5    | Gained mutation: You passively map a small area around you.
                  | [an orb of fire]
103765 | Zot:5    | Gained mutation: Your magical capacity is low. (-10% MP)
                  | [an orb of fire]
103767 | Zot:5    | Killed an orb of fire
103930 | Zot:5    | Reached skill level 22 in Spellcasting
103933 | Zot:5    | Noticed a dread lich
103937 | Zot:5    | Reached skill level 15 in Shields
104148 | Zot:5    | Noticed a dread lich
104152 | Zot:5    | Killed a dread lich
104345 | Zot:5    | Noticed a Killer Klown
104351 | Zot:5    | Killed a Killer Klown
104880 | Zot:5    | Reached XP level 25. HP: 190/231 MP: 1/44
105678 | Zot:5    | Noticed an ancient lich
105697 | Zot:5    | Killed an ancient lich
106038 | Zot:5    | Noticed an ancient lich
106041 | Zot:5    | Killed an ancient lich
106155 | Zot:5    | Noticed an ancient lich
106166 | Zot:5    | Killed an ancient lich
106434 | Zot:5    | Reached skill level 15 in Stealth
106435 | Zot:5    | Reached skill level 23 in Spellcasting
106563 | Zot:5    | Noticed a dread lich
106567 | Zot:5    | Killed a dread lich
106648 | Zot:5    | Noticed a dread lich
106650 | Zot:5    | Killed a dread lich
107210 | Zot:5    | Noticed an ancient lich
107212 | Zot:5    | Killed an ancient lich
107578 | Zot:5    | Reached skill level 24 in Spellcasting
107587 | Zot:5    | Noticed an orb of fire
107592 | Zot:5    | Killed an orb of fire
107698 | Zot:5    | Noticed an ancient lich
107772 | Zot:5    | Killed an ancient lich
107775 | Zot:5    | Noticed an ancient lich
107782 | Zot:5    | Killed an ancient lich
108530 | Zig:1    | Entered Level 1 of a ziggurat
108671 | Zig:2    | Entered Level 2 of a ziggurat
108699 | Zig:3    | Entered Level 3 of a ziggurat
108815 | Zig:4    | Entered Level 4 of a ziggurat
108846 | Zig:4    | Identified the +1 battleaxe of Rubbish {drain, Drain rC+
                  | Int+3 SInv}
108850 | Zig:4    | Identified the +3 buckler of the Eight Boll Weevils {Int+3}
108851 | Zig:4    | Identified the ring "Witir" {Fly Str+2}
108866 | Zig:5    | Entered Level 5 of a ziggurat
108984 | Zig:5    | Got the Compendium of Volcanic Conflict
108988 | Zig:5    | Got the Atlas of Weathered Phantasms
108989 | Zig:5    | Identified the ring of Zot Urad {Will+ MP+9 Str+3 Int+7
                  | Dex-3 Stlth-}
109042 | Zig:6    | Entered Level 6 of a ziggurat
109704 | Zig:6    | Identified the +6 falchion of oldriver's Woe {holy, rElec
                  | rN++ Int+2}
109760 | Zig:7    | Entered Level 7 of a ziggurat
109914 | Zig:8    | Entered Level 8 of a ziggurat
110012 | Zig:8    | Identified the ring "Ocily" {AC+4 Int+3}
110031 | Zig:8    | Acquired 1265 gold pieces
110032 | Zig:8    | Acquired 979 gold pieces
110047 | Zig:9    | Entered Level 9 of a ziggurat
110060 | Zig:9    | Found the +9 staff of Olgreb {rPois∞}
110305 | Zig:9    | Acquired oldriver's Compendium of Battling
110317 | Zig:9    | Reached skill level 25 in Spellcasting
110317 | Zig:9    | Reached XP level 26. HP: 242/242 MP: 46/46
110360 | Zig:9    | Learned a level 6 spell: Starburst
110365 | Zig:10   | Entered Level 10 of a ziggurat
110375 | Zig:10   | Reached skill level 1 in Long Blades
110563 | Zig:10   | Identified the amulet of Ipoit {Reflect Regen+ MP-9 Str+9
                  | Int-4 SH+5}
110589 | Zig:10   | Reached skill level 5 in Long Blades
110589 | Zig:10   | Reached XP level 27. HP: 248/248 MP: 46/46
110596 | Zig:10   | Identified the +1 ring mail of Midnight {rElec Will- rCorr
                  | Int+7}
110601 | Zig:10   | Identified the +0 scale mail of Coqoreot {MP+9 Str+2 SInv}
110610 | Zig:11   | Entered Level 11 of a ziggurat
110619 | Zig:11   | Noticed a juggernaut
110620 | Zig:11   | Noticed a juggernaut
110623 | Zig:11   | Killed a juggernaut
110624 | Zig:11   | Killed a juggernaut
110780 | Zig:11   | Identified the +5 whip of Ignis's Reproof {flame, *Rage rN+
                  | SInv}
110848 | Zig:12   | Entered Level 12 of a ziggurat
110858 | Zig:12   | Noticed a royal mummy
110860 | Zig:12   | Noticed a royal mummy
110862 | Zig:12   | Killed a royal mummy
110863 | Zig:12   | Killed a royal mummy
110864 | Zig:12   | Noticed a royal mummy
110870 | Zig:12   | Killed a royal mummy
111208 | Zig:13   | Entered Level 13 of a ziggurat
111214 | Zig:13   | Paralysed by an air elemental for 1 turns
111431 | Zig:13   | Identified the +5 spear of Drought {venom, rElec rC+}
111480 | Zig:13   | Identified the +0 plate armour "Xeit" {Harm rN+ Str-5
                  | Dex+3}
111494 | Zig:14   | Entered Level 14 of a ziggurat
111505 | Zig:14   | Noticed an ancient lich
111506 | Zig:14   | Killed an ancient lich
111520 | Zig:14   | Noticed an ancient lich
111524 | Zig:14   | Killed an ancient lich
111691 | Zig:14   | Found the +8 storm bow {elec, penet}
111713 | Zig:14   | Identified the ring of Byjejeim {rPois rC+ MP-9 Str-4
                  | Slay+6}
111768 | Zig:15   | Entered Level 15 of a ziggurat
111781 | Zig:15   | Reached skill level 10 in Long Blades
112014 | Zig:15   | Identified the +7 hand axe of the Quests {pain, Dex+4}
112015 | Zig:15   | Identified the ring of Coronation {rC- Will+ Int+3 Dex+6
                  | Slay+3}
112079 | Zig:15   | Identified the +5 chain mail of the Cockroach {rF++ Regen+
                  | rCorr Str-4}
112270 | Zot:5    | Got the Orb of Zot
112280 | Zot:5    | Noticed Wumorarch the pandemonium lord
112338 | Zot:2    | Noticed Boris
112790 | D:$      | Escaped with the Orb!

Illustrated notes

Levels and vault maps discovered:
D:1:      ldierk_walled_garden_2, layout_basic
D:2:      layout_basic
D:3:      layout_loops_ring, mainiacjoe_overflow_tiny_flanked,
          marbit_many_paths, shapermc_ecumenical_altar_gd
D:4:      layout_rooms, grunt_temple_overflow_open, serial_forest,
          infiniplex_forest_straight_2, infiniplex_forest_clump_double,
          infiniplex_forest_lined_room_, infiniplex_forest_lined_3_way,
          infiniplex_forest_zigzag_2, infiniplex_forest_clump_tiny,
          minmay_misc_feat_roman
D:5:      minmay_inner_zag, layout_basic, lemuel_doored_altar,
          mainiacjoe_overflow_chevrons, mainiacjoe_overflow_24_doors, zin_angel,
          minmay_temple_entry_stoned_glass, enter_ossuary_1
D:6:      layout_rooms, lightli_temple_of_fire, serial_shops,
          nicolae_stop_n_shop_1, uniq_maggie
D:7:      layout_loops_corners, mainiacjoe_overflow_alcove_4
D:8:      layout_basic, nemelex_altar_shiori, gammafunk_temple_overflow_claw,
          uniq_joseph, uniq_psyche, uniq_gastronok
D:9:      layout_basic, orc_0_dummy, grunt_livestock, skrybe_limestone_x,
          minmay_stone_trees_medium
D:10:     layout_roguey, nicolae_ashenzari_skybound, serial_shops,
          nicolae_shop_crystal, nicolae_take_the_stairs, shop,
          nicolae_shop_hallway_stairs, shop, minmay_lindwurm_lava
D:11:     layout_gridville, hellmonk_lair_entry_icy
D:12:     kennysheep_green_arena, layout_basic
D:13:     layout_long_grid, david_vaults_5, serial_glass, glass_columns_a,
          glass_columns_a, glass_columns_b, glass_columns_c, glass_columns_b,
          glass_columns_b, dancing_weapons_uskayaw
D:14:     nzn_winding_woodlands_large [nzn_winding_woodlands_5x5_closed_star,
          nzn_winding_woodlands_5x15_longhouse,
          nzn_winding_woodlands_5x5_checkerboard,
          nzn_winding_woodlands_center_diamonds,
          nzn_winding_woodlands_15x15_killbox,
          nzn_winding_woodlands_center_garden, nzn_winding_woodlands_5x5_cross,
          nzn_winding_woodlands_5x15_river_crossing,
          nzn_winding_woodlands_5x5_default], layout_basic, abandoned_shop,
          xom_shifter_show
D:15:     grunt_enter_depths_magical_seal, layout_cave_pools, led_sif_pool,
          hangedman_decor_points, nicolae_shop_sticking_my_neck_out
Lair:1:   layout_hall_layers
Lair:2:   layout_cave_pods, chequers_serial_rivers_large_b,
          pdpol_lair_neglected_garden, chequers_serial_rivers_room_a,
          columned_hall_lemuel
Lair:3:   layout_misc_corridors, nicolae_swamp_entry_splash_gauntlet,
          guppyfry_snake_entry_island, basic_altar, serial_bayou_shore_a,
          serial_bayou_shore_b, uniq_sonja
Lair:4:   layout_cave_pods, nicolae_slime_entry_slimehenge, basic_altar
Lair:5:   due_jungle_book, layout_small_grid, gammafunk_ghost_abyssal_escape,
          minmay_shattered_shrine
Swamp:1:  cheibrodos_swamp_monstrosity, layout_falls_marsh,
          hangedman_swamp_lotus, infiniplex_staircase_pool
Swamp:2:  layout_basic_swamp, nicolae_swamp_rocky_clearing,
          beargit_elvish_explorers
Swamp:3:  layout_falls_marsh, nicolae_swamp_oxbows, swamp_pool4
Swamp:4:  swamp_pestilence, layout_basic_swamp, swamp_pool2,
          nicolae_swamp_bean_lake
Snake:1:  layout_basic, guppyfry_library_mini, uniq_rupert, uniq_agnes,
          uniq_roxanne
Snake:2:  layout_concentric_octagons, nicolae_snake_gridmaze_zigzag,
          lemuel_fruit_tree, minmay_shop_grove, uniq_saint_roka
Snake:3:  layout_grid_maze
Snake:4:  hellmonk_snake_rune_quicksilver_temple, layout_misc_corridors,
          minmay_shoptagon, uniq_mlioglotl
Orc:1:    layout_caves, serial_shops, shop
Orc:2:    st_orc_ogre_mass, layout_diamond_mine
Elf:1:    layout_loops_cross, portal_desolation_entry_nicolae_slug,
          minmay_elf_sorcery, drop_trap, palyth_stone_intersect
Elf:2:    nicolae_elf_blades_crystal_corner, layout_onion_city,
          nicolae_shop_i_like_big_books
Elf:3:    nooodl_elf_gasket, layout_geoelf_diagonals
Vaults:1: special_room_vaults [special_room_orc], v_rooms_3,
          nicolae_vaults_network_quinsquares
          [nicolae_vaults_network_quincunx_subvault,
          nicolae_vaults_network_quincunx_subvault,
          nicolae_vaults_network_quincunx_subvault,
          nicolae_vaults_network_quincunx_subvault],
          nicolae_vaults_mini_display_case, vaults_dpeg_encased_lava,
          vaults_room_fancy_cross, v_alt_pattern_5,
          nicolae_vaults_bisected_exclaves, grunt_vaults_trifunnel,
          vaults_dpeg_hooks, layout_vaults_omnicross
Vaults:2: nicolae_vaults_yaktaur_gun_rack, hangedman_vaults_impose, v_misc_11,
          vaults_dpeg_diagonal, ontoclasm_vaults_gateway,
          nicolae_vaults_back_hallway, v_misc_22, vaults_room_grid,
          vaults_room_octagon, hangedman_vaults_maws,
          nicolae_vaults_border_crossing, vaults_mumra_hex, vaults_room_corners,
          layout_vaults_ring, serial_shops, shop
Vaults:3: vaults_mumra_chevron, nicolae_vaults_network_square,
          blue_anna_dwarven_crypt, nicolae_vaults_specimen_jars, v_misc_3,
          v_alt_pattern_6, vaults_room_hangedman_quadrants, v_misc_8,
          nicolae_vaults_alarming, vaults_mumra_hexcomb,
          layout_vaults_chaotic_city
Vaults:4: vaults_room_boxed, nicolae_vaults_network_star, v_misc_26,
          nicolae_vaults_an_arrangement, hangedman_vaults_river_flow, v_misc_13,
          nicolae_vaults_asterisk, layout_vaults_omnigrid, serial_shops, shop
Vaults:5: uniq_boris
Depths:1: layout_gridlike, rand_demon_pan_entry_9, cheibriados_altar_1,
          hell_entry, eino_curves_03, kennysheep_vampire_church
Depths:2: minmay_the_grid_3x3 [minmay_the_grid_odd_star,
          minmay_the_grid_diamond_grid, minmay_the_grid_broken_lines,
          minmay_the_grid_outer_diamond, minmay_the_grid_pillar_ring,
          minmay_the_grid_all_tris, minmay_the_grid_paths,
          minmay_the_grid_dragon_a, minmay_the_grid_prize_trominoes],
          layout_gridlike, rand_demon_pan_entry_8, serial_shops,
          nicolae_stop_n_shop_2, hellmonk_ghost_big_iron, hell_entry, uniq_grunn
Depths:3: minmay_haunted_quarter, layout_gridlike, enter_ziggurat_c,
          nicolae_wwwww, abyss_entry_glasseish, hell_entry, uniq_parghit
Depths:4: grunt_zot_entry_funnels, layout_cave_pools, hangedman_coc_ice_floe,
          mu_enter_wizlab_4
Zot:1:    layout_concentric_octagons, serial_nicolae_subway,
          nicolae_sub_station_crystal, nicolae_sub_station_stone,
          nicolae_sub_station_metal
Zot:2:    layout_misc_corridors, st_stairs_7, grunt_megastairs_3
Zot:3:    layout_misc_corridors, grunt_megastairs_1
Zot:4:    layout_twisted_circle
Zot:5:    layout_cathedral_of_symmetry

Skill      XL: |  1  2  3  4  5  6  7  8  9 10 11 12 13 14 15 16 17 18 19 20 21 22 23 24 25 26 27 |
---------------+----------------------------------------------------------------------------------+-----
Spellcasting   | 3 4 5 6 7 9 10 11 13 14 15 16 17 18 19 20 22 25 | 25.5
Conjurations   | 2 3 4 6 7 9 10 12 13 14 15 16 18 | 18.0
Fire Magic     | 4 6 7 10 11 12 14 16 18 20 21 22 23 | 23.7
Stealth        | 2 3 5 6 11 12 14 15 | 15.0
Dodging        | 2 5 6 7 8 9 10 11 12 | 12.0
Fighting       | 2 3 4 7 8 10 11 12 14 15 16 17 18 20 21 | 21.6
Maces & Flails | 6 8 9 10 | 10.0
Hexes          | 3 4 |  4.0
Shields        | 2 4 6 8 10 11 12 13 15 | 15.0
Transmutations | 4 6 |  6.0
Evocations     | 4 6 7 8 9 10 12 | 12.0
Long Blades    | 5 10 | 10.0

Action                     |  1- 3 |  4- 6 |  7- 9 | 10-12 | 13-15 | 16-18 | 19-21 | 22-24 | 25-27 || total
---------------------------+-------+-------+-------+-------+-------+-------+-------+-------+-------++-------
  Melee: Mace              |    14 |       |     1 |    55 |    77 |       |       |       |       ||   147
         Dagger            |    22 |    23 |    29 |       |       |       |       |       |       ||    74
         Tailslap          |     4 |     4 |     7 |     8 |    21 |    23 |    40 |    23 |    17 ||   147
         Punch             |       |       |     1 |     1 |       |       |       |       |       ||     2
         War axe           |       |       |       |       |     7 |   102 |   151 |   110 |    34 ||   404
         Falchion          |       |       |       |       |       |       |       |       |    26 ||    26
   Cast: Foxfire           |    95 |   169 |   291 |   461 |   132 |     1 |       |       |       ||  1149
         Scorch            |     2 |    12 |    49 |   101 |    49 |       |       |       |       ||   213
         Inner Flame       |       |       |     2 |       |       |       |       |       |       ||     2
         Kindle Blastspark |       |       |    11 |     1 |    27 |     8 |       |       |       ||    47
         Flame Wave        |       |       |       |    41 |    62 |    16 |     1 |       |       ||   120
         Fulminant Prism   |       |       |       |     7 |       |       |       |       |       ||     7
         Fireball          |       |       |       |       |   365 |   498 |   565 |   233 |     1 ||  1662
         Stone Arrow       |       |       |       |       |     5 |    59 |    11 |     1 |     1 ||    77
         Orb of Destructio |       |       |       |       |     4 |   101 |    44 |    92 |    28 ||   269
         Yara's Violent Un |       |       |       |       |     1 |       |       |     1 |       ||     2
         Ignition          |       |       |       |       |       |    64 |   121 |   411 |   123 ||   719
         Iron Shot         |       |       |       |       |       |       |    14 |    31 |     7 ||    52
         Irradiate         |       |       |       |       |       |       |     4 |    13 |    11 ||    28
         Fire Storm        |       |       |       |       |       |       |       |     9 |    63 ||    72
 Invoke: Potion Petition   |       |       |       |     1 |       |       |     2 |     4 |     8 ||    15
         Call Merchant     |       |       |       |       |     1 |     1 |       |       |       ||     2
         Bribe Branch      |       |       |       |       |       |       |       |     3 |     2 ||     5
Ability: Breathe Fire      |       |       |     1 |     1 |       |       |       |       |       ||     2
  Evoke: Wand              |       |     2 |     1 |     1 |     5 |     7 |     2 |     4 |     1 ||    23
         Condenser vane    |       |       |       |     1 |     2 |     5 |     2 |     1 |       ||    11
         Phantom mirror    |       |       |       |       |     2 |     2 |     1 |       |     2 ||     7
         Phial of floods   |       |       |       |       |       |     2 |       |       |       ||     2
         Tin of tremorston |       |       |       |       |       |       |       |       |     1 ||     1
    Use: Scroll            |       |       |    19 |    14 |    10 |    12 |     3 |     2 |     4 ||    64
         Potion            |       |       |       |     1 |     3 |     3 |     1 |     2 |     6 ||    16
   Stab: Paralysed         |       |     3 |       |       |     4 |       |       |       |       ||     7
         Petrified         |       |       |       |       |     6 |       |       |       |       ||     6
         Invisible         |       |       |       |       |     1 |       |       |     2 |     1 ||     4
         Sleeping          |       |       |       |       |     1 |       |       |       |       ||     1
         Distracted        |       |       |       |       |       |     3 |     1 |     3 |     1 ||     8
 Armour: Skin              |    25 |    25 |    32 |    88 |   162 |   184 |   123 |   200 |    39 ||   878
  Dodge: Dodged            |    41 |    37 |    37 |   106 |   181 |   178 |   124 |   181 |    51 ||   936
  Block: Buckler           |       |       |       |    50 |    45 |       |       |       |       ||    95
         Kite shield       |       |       |       |     8 |    38 |   197 |   172 |   184 |    63 ||   662
         Reflection        |       |       |       |       |       |    36 |       |       |       ||    36

Table legend: (Time is in decaauts)
 A = Elapsed time spent in this place.
 B = Non-inter-level travel time spent in this place.
 C = Inter-level travel time spent in this place.
 D = Time resting spent in this place.
 E = Time spent auto-exploring this place.
 F = Levels seen in this place.
 G = Mean time per level.
                   A        B        C        D        E       F      G
               +--------+--------+--------+--------+--------+-----+--------+
         Total | 117522 | 110688 |   6834 |  26958 |  68083 |  65 | 1808.0 |
       Dungeon |  26773 |  24356 |   2417 |   3254 |  17648 |  15 | 1784.9 |
          Lair |  11471 |  10053 |   1418 |   1799 |   6924 |   5 | 2294.2 |
         Swamp |   7151 |   6789 |    362 |   2617 |   3296 |   4 | 1787.8 |
     Snake Pit |  12929 |  12596 |    333 |   4255 |   6648 |   4 | 3232.2 |
  Orcish Mines |   3401 |   3213 |    188 |   1410 |   1383 |   2 | 1700.5 |
   Elven Halls |   6957 |   6809 |    148 |   1762 |   3963 |   3 | 2319.0 |
        Vaults |  16110 |  15381 |    729 |   4038 |   9435 |   5 | 3222.0 |
        Depths |  12658 |  11833 |    825 |   2790 |   7485 |   4 | 3164.5 |
           Zot |  12222 |  11811 |    411 |   3159 |   7254 |   5 | 2444.4 |
      Ziggurat |   3628 |   3628 |      0 |    789 |   1883 |  15 |  241.9 |
       Ossuary |    733 |    733 |      0 |    258 |    363 |   1 |  733.0 |
        Wizlab |   1253 |   1253 |      0 |    237 |    737 |   1 | 1253.0 |
    Desolation |   2231 |   2231 |      0 |    585 |   1059 |   1 | 2231.0 |
               +--------+--------+--------+--------+--------+-----+--------+

Top non-repeatable levels by time:
   Zot:5: 5340 daAuts
  Lair:5: 4623 daAuts
Depths:2: 4601 daAuts
Vaults:1: 4202 daAuts
 Snake:3: 3681 daAuts
Vaults:4: 3662 daAuts
Depths:3: 3646 daAuts
 Snake:1: 3381 daAuts
    D:14: 3354 daAuts
   Elf:3: 3286 daAuts
 Snake:4: 3086 daAuts
Vaults:2: 2983 daAuts
Vaults:3: 2937 daAuts
 Snake:2: 2780 daAuts
Depths:1: 2585 daAuts
